Match 41542618
Unlisted

Match 41542618
End
Vickers Machine Gun Team
Construct Section Command Post
Infantry Section
Infantry Section
Infantry Section
Construct Platoon Command Post
Construct Field Infirmary
6-pounder Anti-tank Gun Team
Unlock M3 Stuart Light Tanks
Vickers Machine Gun Team
M3 Stuart Light Tank
Infantry Training
Royal Engineer Section
Selects Canadian Shock Battlegroup
Selects Incendiary Munitions
Selects Pyrotechnics
Selects Churchill Crocodile Heavy Tank
Churchill Crocodile Heavy Tank
Royal Engineer Section
Royal Engineer Section
Unlock Bishop Self-propelled Artillery
Selects Attacking Spirit
Selects Canadian Shock Section
Selects Point Assault
Bishop Self-propelled Artillery
Construct Company Command Post
Unlock M3 Grant Medium Tanks
Grenade Package
M3 Grant Medium Tank
Skyline
BananaInPajamas
カルト_くん
Basecoh3 @ Youtube
0
0

Comments sign in to comment!

No comments posted yet!